 Dungeon Crawl Stone Soup version 0.19-a0-1468-ge013c26 (webtiles) character file.

248 LORDOFBUTT the Skirmisher (level 5, -3/72 HPs)
             Began as a Minotaur Berserker on Sept 7, 2016.
             Was a Believer of Trog.
             Slain by an orc priest
             ... wielding a +0 hand axe
              (5 damage)
             ... on level 4 of the Dungeon.
             The game lasted 00:02:27 (2495 turns).

LORDOFBUTT the Skirmisher (Minotaur Berserker)      Turns: 2495, Time: 00:02:27

Health: -3/72      AC: 11    Str: 26    XL:     5   Next: 86%
Magic:  4/4        EV: 12    Int:  4    God:    Trog [**....]
Gold:   163        SH:  0    Dex: 11    Spells: 0 memorised, 4 levels left

rFire  . . .     SeeInvis .     a - +0 mace
rCold  . . .     Gourm    .     k - +3 ring mail
rNeg   . . .     Faith    .     (no shield)
rPois  .         Spirit   .     (helmet restricted)
rElec  .         Dismiss  .     f - +2 cloak
rCorr  .         Reflect  .     (no gloves)
MR     .....     Harm     .     (no boots)
Stlth  ..........               (no amulet)
                                (no ring)
                                (no ring)

@: berserking, very quick
A: retaliatory headbutt, horns 2
a: Berserk, Trog's Hand, Burn Spellbooks, Renounce Religion


You were on level 4 of the Dungeon.
You worshipped Trog.
Trog was pleased with you.
You were not hungry.

You visited 1 branch of the dungeon, and saw 4 of its levels.

You collected 163 gold pieces.

Inventory:

Hand Weapons
 a - a +0 mace (weapon)
Armour
 f - a +2 cloak (worn)
 k - a +3 ring mail (worn)
Jewellery
 h - an uncursed amulet of faith {unknown}
Scrolls
 c - a scroll of remove curse
Potions
 b - a potion of magic {unknown}
 d - a potion of curing
 e - a potion of flight {unknown}
 g - a potion of cancellation {unknown}
 i - a potion of lignification {unknown}


   Skills:
 + Level 5.3 Fighting
 + Level 5.1 Maces & Flails
 + Level 3.3 Armour
 + Level 3.8 Dodging
 + Level 0.8 Stealth


You had 4 spell levels left.
You didn't know any spells.

Dungeon Overview and Level Annotations

Branches:
Dungeon (4/15)
 Temple: D:4-7

Altars:


Innate Abilities, Weirdness & Mutations

You reflexively headbutt those who attack you in melee.
You have a pair of horns on your head.


Message History

You are too injured to fight recklessly!
You sock the worker ant!
You kill the worker ant!
Trog accepts your kill. The orc hits you but does no damage.
You sock the worker ant! Your headbutt misses the worker ant.
The worker ant is heavily wounded.
The orc priest invokes the aid of Beogh against you.
Beogh smites you!
* * * LOW HITPOINT WARNING * * *
The worker ant bites you but does no damage.
The orc misses you. You furiously retaliate!
You headbutt the orc!!
You kill the orc!
Trog accepts your kill.
You hit the worker ant. Your headbutt misses the worker ant.
The worker ant is severely wounded.
The worker ant bites you but does no damage.
You closely miss the orc priest.
The orc priest hits you with a hand axe.
You die...

#.........####...##
+.........'.......#
#.........####....#
#.......## ##.#.#
##.....## ###.#
##...## .# ##'## .#
#.# #@# #....oa#
#.###... <....
.#...#. #.#..##.# .
#.## # .. ..


You could see a worker ant and an orc priest.

Vanquished Creatures
  An orc priest (D:3)
  2 orc wizards (D:3)
  Natasha (D:2)
  A worker ant (D:4)
  2 adders
  An ooze (D:1)
  3 worms
  5 dart slugs
  5 orcs
  A ball python (D:3)
  2 giant cockroaches (D:3)
  8 goblins
  9 hobgoblins
  3 jackals (D:3)
  2 quokkas
  6 bats
  3 giant newts
  8 kobolds
  6 rats
69 creatures vanquished.

Notes
Turn   | Place    | Note
-------+----------+-------------------------------------------
     0 | D:1      | LORDOFBUTT the Minotaur Berserker began the quest for the Orb.
     0 | D:1      | Reached XP level 1. HP: 19/19 MP: 0/0
   138 | D:1      | Reached XP level 2. HP: 27/27 MP: 1/1
   545 | D:1      | Reached XP level 3. HP: 21/33 MP: 2/2
   885 | D:1      | Reached ** piety under Trog
  1871 | D:2      | Noticed Natasha
  1877 | D:2      | Killed Natasha
  1877 | D:2      | Reached XP level 4. HP: 38/41 MP: 3/3
  2093 | D:3      | Reached XP level 5. HP: 47/47 MP: 4/4
  2099 | D:3      | Reached skill level 5 in Fighting
  2099 | D:3      | Reached skill level 5 in Maces & Flails
  2493 | D:4      | HP: 1/72 [orc priest/divine providence (15)]
  2495 | D:4      | Slain by an orc priest

Vault maps used:
D:1:      minmay_arrival_four_loops, minmay_misc_feat_pillars,
          kennysheep_flooded_box, minmay_misc_feat_room
D:2:      uniq_natasha
D:3:      st_stairs_6
D:4:      gammafunk_temple_overflow_elements

Skill      XL: |  1  2  3  4  5 |
---------------+----------------+-----
Fighting       | 4 5 |  5.3
Maces & Flails | 4 5 |  5.1
Dodging        | 3 |  3.8
Armour         | 3 |  3.3
Stealth        | |  0.8

Action                   |  1- 3 |  4- 6 || total
-------------------------+-------+-------++-------
Melee: Mace              |    79 |    54 ||   133
       Headbutt          |    10 |     8 ||    18
Invok: Berserk           |       |     2 ||     2
  Use: Scroll            |     7 |     2 ||     9
  Eat: Bread ration      |     1 |       ||     1
       Beef jerky        |     1 |       ||     1
Armor: Animal skin       |     7 |       ||     7
       Ring mail         |    11 |    24 ||    35
Dodge: Dodged            |    47 |    35 ||    82
